 Dungeon Crawl Stone Soup version 0.29.0-13-gc9e81de378 (webtiles) character file.

Game seed: 12592456524548176016

161 inmateoo the Stinger (level 5, -1/35 HPs)
             Began as a Human Venom Mage on Sept 10, 2022.
             Slain by Edmund
             ... wielding a +1 flail of protection
              (6 damage)
             ... on level 3 of the Dungeon.
             The game lasted 00:07:22 (3950 turns).

inmateoo the Stinger (Human Venom Mage)             Turns: 3950, Time: 00:07:23

Health: -1/35      AC:  2    Str:  8    XL:     5   Next: 70%
Magic:  1/9        EV: 12    Int: 18    God:
Gold:   144        SH:  0    Dex: 13    Spells: 3/9 levels left

rFire   . . .      SeeInvis .   o - +0 dagger
rCold   . . .      Faith    .   (no shield)
rNeg    . . .      Spirit   .   a - +0 robe
rPois   .          Reflect  .   (no helmet)
rElec   .          Harm     .   (no cloak)
rCorr   .          Rampage  .   (no gloves)
Will    .....                   (no boots)
Stlth   ++........              (no amulet)
HPRegen 0.11/turn               (no ring)
MPRegen 0.11/turn               (no ring)

@: no status effects
A: no striking features
a: no special abilities


You were on level 3 of the Dungeon.
You visited 1 branch of the dungeon, and saw 4 of its levels.

You collected 144 gold pieces.

Inventory:

Hand Weapons
 o - a +0 dagger (weapon)
Armour
 a - a +0 robe (worn)
 h - a +0 kite shield
 i - a +0 ring mail
Scrolls
 c - 5 scrolls of identify {unknown}
 d - a scroll of enchant weapon {unknown}
 f - a scroll of vulnerability {unknown}
 j - a scroll of fear {unknown}
 n - a scroll of immolation {unknown}
 p - a scroll of blinking {unknown}
 r - a scroll of teleportation {unknown}
Potions
 b - a potion of magic
 e - a potion of mutation {unknown}
 g - 3 potions of haste {unknown}
 k - 2 potions of curing {unknown}
 l - a potion of flight {unknown}
 m - 2 potions of degeneration {unknown}
 q - a potion of invisibility {unknown}
 s - a potion of brilliance {unknown}


   Skills:
 - Level 3.0 Dodging
 + Level 3.0 Stealth
 * Level 2.8 Spellcasting
 + Level 2.1 Transmutations
 + Level 0.2 Air Magic
 * Level 3.8 Poison Magic


You had 3 spell levels left.
You knew the following spells:

 Your Spells              Type           Power      Damage    Failure   Level
a - Sting                 Tmut/Pois      52%        1d5       4%          1
b - Poisonous Vapours     Pois/Air       18%        N/A       11%         2
c - Mephitic Cloud        Conj/Pois/Air  7%         N/A       28%         3

Your spell library contained the following spells:

 Spells                   Type           Power      Damage    Failure   Level
 Olgreb's Toxic Radiance  Pois           16%        N/A       32%         4
 Airstrike                Air            1%         2d(1-17)  83%         4
 Summon Lightning Spire   Summ/Air       2%         N/A       85%         4
 Lightning Bolt           Conj/Air       1%         1d12      99%         5


Dungeon Overview and Level Annotations

Branches:
Dungeon (4/15)
 Temple: D:4-7

Altars:

Annotations:
D:3 exclusion: water moccasin, Edmund


Message History

The sting hits Edmund but does no damage.
Edmund looks even sicker.
Edmund is moderately wounded.
Edmund hits you with a +1 flail of protection.
Casting: Sting (safe; 4% risk of failure)
Confirm with . or Enter, or press ? or * to list all spells.
Aiming: Sting (safe; 4% risk of failure)
Press: ? - help, Shift-Dir - straight line, f/p - Edmund
Aim: Edmund, wielding a +1 flail of protection and wearing a +0 chain mail (moderately wounded, very poisoned, 79% to hit)
The sting hits Edmund but does no damage.
Edmund looks even sicker.
Edmund is moderately wounded.
Edmund hits you with a +1 flail of protection!
Casting: Sting (safe; 4% risk of failure)
Confirm with . or Enter, or press ? or * to list all spells.
Aiming: Sting (safe; 4% risk of failure)
Press: ? - help, Shift-Dir - straight line, f/p - Edmund
Aim: Edmund, wielding a +1 flail of protection and wearing a +0 chain mail (heavily wounded, very poisoned, 79% to hit)
The sting hits Edmund but does no damage.
Edmund looks as sick as possible!
Edmund is heavily wounded.
Edmund hits you with a +1 flail of protection.
* * * LOW HITPOINT WARNING * * *
You aren't carrying any items that you can evoke.
Unknown command.
Okay, then.
Okay, then.
You aren't carrying any items that you can evoke.
Unknown command.
Casting: Sting (safe; 4% risk of failure)
Confirm with . or Enter, or press ? or * to list all spells.
Aiming: Sting (safe; 4% risk of failure)
Press: ? - help, Shift-Dir - straight line, f/p - Edmund
Aim: Edmund, wielding a +1 flail of protection and wearing a +0 chain mail (heavily wounded, extremely poisoned, 79% to hit)
The sting misses Edmund.
Edmund hits you with a +1 flail of protection.
* * * LOW HITPOINT WARNING * * *
Edmund attacks as you move away!
Edmund hits you with a +1 flail of protection.
You die...

####.#.......##...........#.#....
..†..#.##########.....#####.#'###
###..#.# #..........+..##.....#
#).#.#####.###......##'##.....#
#..#.#.......#..........#.....# #
#..#.#.###.#.#.....>....#.....# #
#..#.......#......##....#.#+### #
#..###.......#@##.####.##.....#
###......#...#.#@##......##.....#
.....###.#.#.#.#.##..######.....#
###### #.#.#.#.#.##.............#
# #.#.#.#.#.###............# #
#.#.#...#.# #########....#
#.#.#####.# #........# #.#.# #.#
#.######.# #.#.# #.# #.# #.#
#.#.#####.#######.# ##'#


You could see Edmund (extremely poisoned).

Vanquished Creatures
  A jelly (D:2)
  A gnoll (D:1)
  5 adders
  3 dart slugs
  An orc (D:3)
  6 ball pythons
  8 endoplasms
  6 goblins
  4 hobgoblins
  6 jackals (D:1)
  4 quokkas
  5 bats
  4 frilled lizards
  5 kobolds
  6 rats
65 creatures vanquished.

Notes
Turn   | Place    | Note
-------+----------+-------------------------------------------
     0 | D:1      | inmateoo the Human Venom Mage began the quest for the Orb.
     0 | D:1      | Reached XP level 1. HP: 13/13 MP: 3/3
   115 | D:1      | Reached XP level 2. HP: 16/19 MP: 1/5
   180 | D:2      | Learned a level 2 spell: Poisonous Vapours
   655 | D:1      | Reached XP level 3. HP: 15/24 MP: 3/6
   853 | D:1      | You fall into a shaft and drop 1 floor!
   941 | D:2      | Learned a level 3 spell: Mephitic Cloud
  1216 | D:1      | Reached XP level 4. HP: 30/30 MP: 4/7
  2050 | D:2      | Found a faded altar of an unknown god.
  2188 | D:2      | Reached XP level 5. HP: 34/35 MP: 5/8
  3142 | D:3      | Noticed a water moccasin
  3883 | D:4      | Noticed Edmund
  3950 | D:3      | Slain by Edmund

Illustrated notes

Levels and vault maps discovered:
D:1:      eino_arrival_water_star, layout_basic, serial_bayou_pond_d
D:2:      layout_basic, basic_ecumenical_altar, minmay_3d_cube
D:3:      layout_basic
D:4:      layout_loops_ring, serial_shops, kennysheep_little_box, minivault_25,
          hangedman_feature_mirror, uniq_edmund

Skill      XL: |  1  2  3  4  5 |
---------------+----------------+-----
Transmutations | 2 |  2.1
Dodging        | 3 |  3.0
Stealth        | 3 |  3.0
Spellcasting   | |  2.8
Air Magic      | |  0.2
Poison Magic   | |  3.8

Action                   |  1- 3 |  4- 6 || total
-------------------------+-------+-------++-------
Melee: Unarmed           |     6 |       ||     6
       Club              |    10 |       ||    10
       Whip              |    31 |    15 ||    46
       Dagger            |       |    65 ||    65
       Punch             |       |     3 ||     3
 Cast: Sting             |    24 |    26 ||    50
       Poisonous Vapours |    13 |    41 ||    54
       Mephitic Cloud    |       |     1 ||     1
  Use: Potion            |       |     1 ||     1
 Stab: Sleeping          |     2 |     7 ||     9
Armor: Robe              |    10 |    16 ||    26
Dodge: Dodged            |    73 |    62 ||   135
